 Dungeon Crawl Stone Soup version 0.29-a0-1023-g6ae1a4a2c7 (webtiles) character file.

Game seed: 240931473276436954

2979 enile the Thaumaturge (level 9, 0/62 HPs)
             Began as an Octopode Transmuter on Aug 12, 2022.
             Was an Initiate of Gozag.
             Shot with a sling bullet by Joseph (13 damage)
             ... on level 8 of the Dungeon.
             The game lasted 00:15:10 (10450 turns).

enile the Thaumaturge (Octopode Transmuter)        Turns: 10450, Time: 00:15:10

Health: 0/62       AC:  1    Str: 13    XL:     9   Next: 82%
Magic:  21/21      EV: 19    Int: 26    God:    Gozag
Gold:   668        SH:  5    Dex: 17    Spells: 17/24 levels left

rFire   . . .      SeeInvis .   y - +1 short sword (flame)
rCold   . . .      Faith    .   (no shield)
rNeg    . . .      Spirit   .   (helmet currently unavailable)
rPois   .          Reflect  +   A - amulet of reflection
rElec   .          Harm     .   p - +6 ring of intelligence
rCorr   +          Rampage  .   i - ring of resist corrosion
Will    .....                   q - ring "Ribokh" {EV+4 Str+4 Dex+5}
Stlth   +++.......              (no ring)
HPRegen 0.20/turn               (no ring)
MPRegen 0.17/turn               (no ring)
                                (no ring)
                                (no ring)

@: about to teleport, appendages
A: tentacle spike 3, almost no armour, amphibious, 8 rings, camouflage 1,
gelatinous body 1, (nimble swimmer 1), tentacles
a: End Transformation, Renounce Religion, Potion Petition, Call Merchant, Bribe
Branch


You were on level 8 of the Dungeon.
You worshipped Gozag.
Gozag was pleased with you.
One of your tentacles had grown a beastly spike.
You visited 1 branch of the dungeon, and saw 9 of its levels.
You also visited: Sewer.

You collected 879 gold pieces.
You paid 211 gold pieces to Gozag.

Inventory:

Hand Weapons
 c - a +0 dagger
 e - a +0 dagger of draining
 y - a +1 short sword of flaming (weapon)
Missiles
 d - 3 throwing nets
 w - 2 javelins
Armour
 m - an orb of guile
Jewellery
 f - an amulet of guardian spirit
 i - a ring of resist corrosion (right tentacle)
 p - a +6 ring of intelligence (left tentacle)
 q - the ring "Ribokh" (on tentacle) {EV+4 Str+4 Dex+5}
   (You acquired it on level 6 of the Dungeon)

   [ring of evasion]

   EV:        It affects your evasion (+4).
   Str:       It affects your strength (+4).
   Dex:       It affects your dexterity (+5).
 A - an amulet of reflection (around mantle)
Wands
 s - a wand of iceblast (4)
 t - a wand of mindburst (4)
Scrolls
 b - 4 scrolls of teleportation
 g - a scroll of enchant armour
 j - 2 scrolls of silence
 k - a scroll of noise
 l - a scroll of magic mapping
 u - 2 scrolls of fear {unknown}
 x - a scroll of enchant weapon
 z - a scroll of immolation
Potions
 a - a potion of degeneration
 h - 3 potions of attraction
 n - a potion of berserk rage {unknown}
 o - 3 potions of curing {unknown}
 v - 4 potions of flight


   Skills:
 - Level 6.0 Fighting
 - Level 4.0 Short Blades
 - Level 5.0 Dodging
 - Level 2.0 Stealth
 - Level 3.0 Unarmed Combat
 - Level 8.0 Spellcasting
 + Level 1.0 Conjurations
 - Level 2.0 Transmutations
 - Level 5.0 Fire Magic


You had 17 spell levels left.
You knew the following spells:

 Your Spells              Type           Power      Damage    Failure   Level
a - Beastly Appendage     Tmut           40%        N/A       2%          1
b - Scorch                Fire           72%        2d8       1%          2
c - Flame Wave            Conj/Fire      26%        2d8       16%         4

Your spell library contained the following spells:

 Spells                   Type           Power      Damage    Failure   Level
 Magic Dart               Conj           64%        1d6       3%          1
 Wereblood                Tmut           20%        N/A       3%          2
 Searing Ray              Conj           32%        2d5       5%          2
 Spider Form              Tmut/Pois      15%        N/A       11%         3
 Ice Form                 Ice/Tmut       15%        N/A       36%         4
 Fulminant Prism          Conj/Hex       6%         3d7       41%         4
 Summon Cactus Giant      Summ           5%         N/A       100%        6


Dungeon Overview and Level Annotations

Branches:
Dungeon (9/15)             Temple (0/1) D:7            Lair (0/5) D:8
    Orc (0/2) D:9           Sewer (visited)

Altars:
Ashenzari
Cheibriados
Elyvilon
Gozag
Makhleb

Annotations:
D:4 Blork the orc
D:5 exclusion: downstairs
D:7 exclusion: cyclops, Maggie
D:8 Joseph


Innate Abilities, Weirdness & Mutations

One of your tentacles has grown a beastly spike.
You cannot wear most types of armour.
You are amphibious.
You can wear up to eight rings at the same time.
Your skin changes colour to match your surroundings (Stealth+).
Your rubbery body absorbs attacks. (AC +1, EV +1)
((You are camouflaged when in or above water. (Stealth+)))
You have tentacles for arms and can constrict up to eight enemies at once.


Message History

Casting: Scorch (safe; 1% risk of failure)
Confirm with . or Enter, or press ? or * to list all spells.
Flames lash the jelly.
The jelly is burned terribly!
You kill the jelly!
Your Conjurations skill increases to level 1!
Okay, then.
Magic restored.
Joseph is nearby!
Joseph is nearby!
Joseph is nearby!
Casting: Scorch (safe; 1% risk of failure)
Confirm with . or Enter, or press ? or * to list all spells.
You can't see any susceptible monsters within range! (Use Z to cast anyway.)
Casting: Scorch (safe; 1% risk of failure)
Confirm with . or Enter, or press ? or * to list all spells.
Okay, then.
Casting: Scorch (safe; 1% risk of failure)
Confirm with . or Enter, or press ? or * to list all spells.
One of your tentacles grows a vicious spike.
Joseph shouts!
Joseph shoots a sling bullet.
The sling bullet hits you.
Joseph shoots a sling bullet.
The sling bullet hits you!
You are too injured to fight recklessly!
Unknown command.
Joseph unwields a +2 vorpal sling.
Joseph wields a +0 quarterstaff.
Joseph hits you with a +0 quarterstaff!
You hit Joseph. You burn Joseph. Your grab misses Joseph. You squeeze Joseph.
Joseph is lightly wounded.
Joseph says, "I'm happy to see you. And I'll be happy to kill you."
Joseph hits you with a +0 quarterstaff!
* * * LOW HITPOINT WARNING * * *
You feel much better. Joseph hits you with a +0 quarterstaff!
Okay, then.
As you read the scroll of teleportation, it crumbles to dust.
You feel strangely unstable. Joseph hits you with a +0 quarterstaff!
* * * LOW HITPOINT WARNING * * *
Joseph unwields a +0 quarterstaff.
Joseph wields a +2 vorpal sling.
Joseph shoots a sling bullet.
The sling bullet hits you!
You die...
Your body crumbles into a pile of gold.

.. ... #)#..# ###
.. ..... #$#..##
## .....#.#....#
...###
......###...#
......
.....#.#....###.#
...###
#....#..........#
##.....#@..$....#
###.#.........##
# ##@#...####
............#
........#...#
.....########
#####


You could see Joseph.

Vanquished Creatures
  Sigmund (D:6)
  A steam dragon (D:7)
  Menkaure (D:6)
  3 sky beasts
  A black bear (D:7)
  An orc warrior (D:7)
  3 ice beasts
  5 necrophages
  2 bullfrogs (D:7)
  A gnoll sergeant (D:7)
  4 scorpions
  8 wights (D:8)
  An orc priest (D:8)
  3 hounds (D:5)
  2 jellies
  An iguana (D:7)
  A merfolk siren (Sewer)
  4 orc wizards (D:8)
  A merfolk avatar (Sewer)
  9 adders
  8 gnolls
  3 river rats
  A white imp (D:6)
  2 worms (D:5)
  2 dart slugs
  27 orcs
  6 endoplasms
  7 giant cockroaches
  8 goblins
  5 hobgoblins
  6 kobolds
  6 quokkas
  14 ball pythons
  5 bats
  5 frilled lizards
  25 rats
183 creatures vanquished.

Vanquished Creatures (others)
  15 plants (D:9)
15 creatures vanquished.

Grand Total: 198 creatures vanquished

Notes
Turn   | Place    | Note
-------+----------+-------------------------------------------
     0 | D:1      | enile the Octopode Transmuter began the quest for the Orb.
     0 | D:1      | Reached XP level 1. HP: 13/13 MP: 3/3
   180 | D:1      | Reached XP level 2. HP: 19/19 MP: 5/5
   263 | D:1      | Reached skill level 1 in Stealth
   891 | D:1      | Reached XP level 3. HP: 24/24 MP: 6/6
  1519 | D:2      | Reached skill level 3 in Spellcasting
  1525 | D:2      | Reached XP level 4. HP: 25/29 MP: 8/8
  2181 | D:3      | Identified the +0 helmet of Ozxunoal {Dex+6}
  2185 | D:3      | Learned a level 2 spell: Scorch
  2207 | D:3      | Found a burning altar of Makhleb.
  2421 | D:4      | Noticed a scorpion
  2440 | D:4      | Killed a scorpion
  2441 | D:4      | Reached skill level 4 in Spellcasting
  2441 | D:4      | Reached skill level 1 in Fire Magic
  2441 | D:4      | Reached XP level 5. HP: 34/34 MP: 9/11
  2799 | D:4      | Noticed an ogre
  2803 | D:4      | Reached XP level 6. HP: 34/39 MP: 10/12
  2858 | D:4      | Noticed Blork the orc
  3233 | D:5      | Entered Level 5 of the Dungeon
  3405 | D:5      | Reached skill level 1 in Short Blades
  3678 | D:5      | Reached XP level 7. HP: 38/48 MP: 6/13
  4213 | D:6      | Found a glowing drain.
  4312 | Sewer    | Entered a sewer
  4954 | Sewer    | Identified a scroll of acquirement
  5076 | D:6      | Acquired the ring "Ribokh" {EV+4 Str+4 Dex+5}
  5295 | D:6      | Reached skill level 5 in Fire Magic
  5596 | D:6      | Reached XP level 8. HP: 42/54 MP: 5/15
  5905 | D:6      | Noticed Sigmund
  5913 | D:6      | Killed Sigmund
  5914 | D:6      | Reached skill level 5 in Spellcasting
  6283 | D:6      | Reached skill level 6 in Spellcasting
  6466 | D:6      | Noticed Menkaure
  6477 | D:6      | Killed Menkaure
  6789 | D:7      | Found a white marble altar of Elyvilon.
  6789 | D:7      | Found a snail-covered altar of Cheibriados.
  6789 | D:7      | Found a broken altar of Ashenzari.
  6789 | D:7      | Noticed Maggie
  7037 | D:7      | Found an opulent altar of Gozag.
  7042 | D:7      | Became a worshipper of Gozag Ym Sagoz the Greedy
  7521 | D:7      | Reached skill level 5 in Dodging
  7521 | D:7      | Reached XP level 9. HP: 53/58 MP: 14/18
  7701 | D:7      | Reached skill level 5 in Fighting
  7918 | D:7      | Noticed a cyclops
  7949 | D:7      | Found a staircase to the Ecumenical Temple.
  8546 | D:8      | Noticed Joseph
  8958 | D:7      | Noticed a cyclops
  9518 | D:8      | Reached skill level 7 in Spellcasting
  9802 | D:9      | Found a staircase to the Orcish Mines.
  9903 | D:9      | Learned a level 4 spell: Flame Wave
  9950 | D:9      | Noticed a troll
 10182 | D:8      | Reached skill level 8 in Spellcasting
 10385 | D:8      | Found a staircase to the Lair.
 10422 | D:8      | Reached skill level 1 in Conjurations
 10450 | D:8      | Shot with a sling bullet by Joseph

Illustrated notes

Levels and vault maps discovered:
D:1:      spicycebolla_arrival_ecumenical, layout_basic
D:2:      layout_rooms
D:3:      layout_loops_cross, mainiacjoe_overflow_concentric_impassable
D:4:      layout_basic, minmay_distorted, uniq_blork_the_orc
D:5:      layout_rooms
D:6:      layout_loops_corners, portal_sewer_entry_c, uniq_sigmund,
          uniq_menkaure
D:7:      minmay_the_grid_triangle_9x9_recursive_2
          [minmay_the_grid_triangle_9x9_prize_top_heavy,
          minmay_the_grid_triangle_9x9_tough_junction,
          minmay_the_grid_triangle_9x9_from_above,
          minmay_the_grid_triangle_9x9_sparse_checkered], layout_basic,
          mainiacjoe_overflow_24_doors, grunt_temple_overflow_open,
          minmay_temple_entry_antechambers, uniq_maggie
D:8:      layout_loops_ring, lair_entry_dummy, uniq_joseph
D:9:      layout_rooms, mainiacjoe_overflow_chevrons, orc_0_dummy

Skill      XL: |  1  2  3  4  5  6  7  8  9 |
---------------+----------------------------+-----
Fighting       | 2 4 6 |  6.0
Stealth        | 2 |  2.0
Spellcasting   | 3 4 6 8 |  8.0
Fire Magic     | 1 3 5 |  5.0
Short Blades   | 1 2 4 |  4.0
Dodging        | 5 |  5.0
Conjurations   | 1 |  1.0
Unarmed Combat | |  3.0
Transmutations | |  2.0

Action                   |  1- 3 |  4- 6 |  7- 9 || total
-------------------------+-------+-------+-------++-------
Melee: Dagger            |    56 |    85 |    63 ||   204
       Kick              |     8 |    16 |       ||    24
       Tentacles         |     6 |    11 |    61 ||    78
       Constrict         |    12 |    17 |    39 ||    68
       Unarmed           |     1 |       |       ||     1
       Punch             |       |     2 |     6 ||     8
       Short sword       |       |       |   134 ||   134
 Cast: Beastly Appendage |    14 |     9 |     2 ||    25
       Scorch            |       |     9 |    81 ||    90
       Flame Wave        |       |       |     3 ||     3
Evoke: Wand              |       |       |     5 ||     5
  Use: Scroll            |       |     8 |    12 ||    20
       Potion            |       |     4 |     5 ||     9
 Stab: Sleeping          |    17 |     5 |     6 ||    28
       Distracted        |       |       |     1 ||     1
Armor: Skin              |     2 |    20 |    12 ||    34
Dodge: Dodged            |    23 |    46 |   183 ||   252
Block: Other             |       |       |     2 ||     2

Table legend: (Time is in decaauts)
 A = Elapsed time spent in this place.
 B = Non-inter-level travel time spent in this place.
 C = Inter-level travel time spent in this place.
 D = Time resting spent in this place.
 E = Time spent auto-exploring this place.
 F = Levels seen in this place.
 G = Mean time per level.
                   A        B        C        D        E       F      G
               +--------+--------+--------+--------+--------+-----+--------+
         Total |  10396 |  10165 |    231 |    942 |   7577 |  10 | 1039.6 |
       Dungeon |   9739 |   9508 |    231 |    942 |   7066 |   9 | 1082.1 |
         Sewer |    656 |    656 |      0 |      0 |    511 |   1 |  656.0 |
               +--------+--------+--------+--------+--------+-----+--------+

Top non-repeatable levels by time:
     D:7: 2311 daAuts
     D:5: 1448 daAuts
     D:8: 1438 daAuts
     D:1: 1179 daAuts
     D:6: 1170 daAuts
     D:4: 843 daAuts
     D:3: 687 daAuts
   Sewer: 656 daAuts
     D:2: 507 daAuts
     D:9: 152 daAuts
